 Dungeon Crawl Stone Soup version 0.21.1-1-g345015f (webtiles) character file.

168 Lilu the Conjurer (level 5, 0/28 HPs)
             Began as a Deep Elf Conjurer on July 27, 2018.
             Shot with an arrow by a centaur (7 damage)
             ... on level 4 of the Dungeon.
             The game lasted 00:11:44 (2219 turns).

Lilu the Conjurer (Deep Elf Conjurer)               Turns: 2219, Time: 00:11:44

Health: 0/28       AC:  2    Str:  3 (6)  XL:     5   Next: 24%
Magic:  6/11       EV: 13    Int: 18 (20) God:
Gold:   75         SH:  0    Dex: 14 (15) Spells: 3/10 levels left

rFire    . . .     SeeInvis .   k - +0 dagger (elec)
rCold    . . .     Gourm    .   (no shield)
rNeg     . . .     Faith    .   a - +0 robe
rPois    .         Spirit   .   (no helmet)
rElec    .         Reflect  .   (no cloak)
rCorr    .         Harm     .   (no gloves)
MR       .....                  (no boots)
Stlth    +++.......             (no amulet)
HPRegen  0.09/turn              s - ring of stealth
MPRegen  0.12/turn              (no ring)

@: no status effects
A: no striking features
a: no special abilities


You were on level 4 of the Dungeon.
You were not hungry.

You visited 1 branch of the dungeon, and saw 4 of its levels.

You collected 75 gold pieces.

Inventory:

Hand Weapons
 k - a +0 dagger of electrocution (weapon)
 p - a +3 short sword
Missiles
 m - 115 stones (quivered)
 o - 39 arrows
Armour
 a - a +0 robe (worn)
 i - a +0 shield
Jewellery
 s - a ring of stealth (left hand)
Scrolls
 g - 2 scrolls of teleportation {unknown}
 h - 6 scrolls of identify {unknown}
 n - a scroll of immolation {unknown}
 q - 3 scrolls of enchant weapon {unknown}
 r - 2 scrolls of blinking {unknown}
 t - a scroll of enchant armour {unknown}
 u - a scroll of remove curse {unknown}
 x - a scroll of fear {unknown}
 y - a scroll of fog {unknown}
Potions
 d - a potion of agility {unknown}
 e - a potion of curing
 f - 2 potions of degeneration
 j - a potion of heal wounds {unknown}
 l - 2 potions of lignification {unknown}
 w - a potion of flight {unknown}
 z - a potion of brilliance {unknown}
Books
 b - a book of Conjurations

   Spells                             Type                      Level
   a - Magic Dart                     Conjuration                  1
   b - Searing Ray                    Conjuration                  2
   c - Dazzling Spray                 Conjuration/Hexes            3
   d - Fulminant Prism                Conjuration/Hexes            4
   e - Force Lance                    Conjuration/Translocation    4
   f - Iskenderun's Mystic Blast      Conjuration                  4
Comestibles
 c - 12 rations
 v - 2 chunks of flesh


   Skills:
 - Level 2.4 Dodging
 - Level 2.4 Stealth
 - Level 3.0 Spellcasting
 + Level 7.2 Conjurations


You had 3 spell levels left.
You knew the following spells:

 Your Spells              Type           Power        Failure   Level  Hunger
a - Magic Dart            Conj           ####         1%          1    None
b - Searing Ray           Conj           ####..       1%          2    ##.....
c - Iskenderun's Mystic   Conj           ####....     9%          4    ####...


Dungeon Overview and Level Annotations

Branches:
Dungeon (4/15)
 Temple: D:4-7

Altars:
Elyvilon
Ru


Message History

You butcher the gnoll corpse.
The centaur shoots an arrow.
The arrow barely misses you.
Things that are here:
an arrow; a chunk of flesh; a gnoll skeleton You see here a leopard gecko skeleton.
You see here a scorpion corpse.
You hear the slow rusting of a very distant drain.
The centaur shoots an arrow.
The arrow barely misses you.
You see here an arrow.
The centaur shoots an arrow.
The arrow closely misses you.
You see here an arrow.
The centaur shoots an arrow.
The arrow hits you!
You see here an arrow.
The centaur shoots an arrow.
The arrow hits you!
* * * LOW HITPOINT WARNING * * *
It was a potion of degeneration.
There was something very wrong with that liquid.
You feel weakened.
You feel dopey.
You feel clumsy.
The centaur shoots an arrow.
The arrow hits you!
You die...

#c##.#
#.####
#.#####
#..†..#
#####c#
#(# #(#
#(# #@#
####.#
#....#
#.####
#.# #.#
#<# ###


You could see a centaur.

Vanquished Creatures
  A scorpion (D:4)
  2 gnolls (D:4)
  2 adders (D:3)
  2 oozes
  2 dart slugs
  A worm (D:3)
  3 leopard geckos
  An orc (D:2)
  A giant cockroach (D:1)
  9 goblins
  4 hobgoblins
  4 jackals
  8 kobolds
  2 ball pythons
  5 bats
  8 frilled lizards
  8 rats
63 creatures vanquished.

Vanquished Creatures (others)
  A bullfrog skeleton (D:4)
  An iguana (D:4)
  A worker ant (D:4)
  2 adders (D:4)
  A worm (D:4)
6 creatures vanquished.

Grand Total: 69 creatures vanquished

Notes
Turn   | Place    | Note
-------+----------+-------------------------------------------
     0 | D:1      | Lilu the Deep Elf Conjurer began the quest for the Orb.
     0 | D:1      | Reached XP level 1. HP: 10/10 MP: 6/6
    97 | D:1      | Reached XP level 2. HP: 13/15 MP: 1/8
   158 | D:1      | Reached skill level 5 in Conjurations
   466 | D:1      | Reached XP level 3. HP: 19/19 MP: 6/9
  1026 | D:2      | Found a sacrificial altar of Ru.
  1121 | D:2      | Reached skill level 6 in Conjurations
  1157 | D:2      | Found a white marble altar of Elyvilon.
  1568 | D:2      | Learned a level 2 spell: Searing Ray
  1572 | D:3      | Reached XP level 4. HP: 20/24 MP: 5/10
  1777 | D:3      | Learned a level 4 spell: Iskenderun's Mystic Blast
  2131 | D:4      | Reached skill level 7 in Conjurations
  2131 | D:4      | Reached XP level 5. HP: 16/28 MP: 6/11
  2201 | D:4      | Noticed a centaur
  2219 | D:4      | Shot with an arrow by a centaur

Skill      XL: |  1  2  3  4 |
---------------+-------------+-----
Conjurations   | 5 6 7 |  7.2
Dodging        | |  2.4
Stealth        | |  2.4
Spellcasting   | |  3.0

Action                   |  1- 3 |  4- 6 || total
-------------------------+-------+-------++-------
Melee: Unarmed           |     1 |       ||     1
       Dagger            |    11 |    29 ||    40
 Cast: Magic Dart        |    61 |     9 ||    70
       Searing Ray       |     2 |     5 ||     7
  Use: Potion            |       |     2 ||     2
 Stab: Sleeping          |     2 |     1 ||     3
  Eat: Chunk             |     1 |     3 ||     4
Armor: Robe              |     5 |     3 ||     8
Dodge: Dodged            |    10 |    20 ||    30
